 Dungeon Crawl Stone Soup version 0.31-a0-473-g61b50ae490 (webtiles) character file.

Game seed: 1728877314880023070

70 HoaS the Shooter (level 4, -4/26 HPs)
             Began as a Tengu Hunter on Aug 5, 2023.
             Slain by an orc
             ... wielding a +0 flail
              (9 damage)
             ... on level 3 of the Dungeon on Aug 6, 2023.
             The game lasted 00:07:00 (1968 turns).

HoaS the Shooter (Tengu Hunter)                     Turns: 1968, Time: 00:07:00

Health: -4/26      AC:  4    Str: 12    XL:     4   Next: 22%
Magic:  5/5        EV: 12    Int:  9    God:
Gold:   83         SH:  0    Dex: 19    Spells: 3/3 levels left

rFire   . . .        a - +0 shortbow
rCold   . . .        (shield currently unavailable)
rNeg    . . .        c - +0 leather armour
rPois   .            (helmet restricted)
rElec   .            l - +0 cloak
rCorr   .            (no gloves)
SInv    .            (boots unavailable)
Will    .....        (no amulet)
Stlth   ++           (no ring)
HPRegen 0.24/turn    (no ring)
MPRegen 0.09/turn

%: no passive effects
@: no status effects
A: beak, talons 3
a: no special abilities


You were on level 3 of the Dungeon.
You visited 1 branch of the dungeon, and saw 3 of its levels.

You collected 83 gold pieces.

Inventory:

Hand Weapons
 a - a +0 shortbow (weapon)
Armour
 c - a +0 leather armour (worn)
 k - a +0 scale mail
 l - a +0 cloak (worn)
Scrolls
 b - a scroll of butterflies
 g - 2 scrolls of teleportation
Potions
 d - a potion of enlightenment
 e - a potion of heal wounds {unknown}
 h - 2 potions of curing
 i - a potion of invisibility {unknown}
 j - a potion of haste
 m - a potion of might {unknown}


   Skills:
 - Level 2.0 Fighting
 + Level 6.2 Ranged Weapons
 - Level 2.1 Dodging
 - Level 1.0 Stealth


You had 3 spell levels left.
You didn't know any spells.
Your spell library contained the following spells:

 Spells                   Type           Power      Damage    Failure   Level
 Slow                     Hex            0%         N/A       45%         1
 Ensorcelled Hibernation  Hex/Ice        0%         N/A       61%         2
 Passwall                 Tmut/Erth      0%         N/A       61%         2
 Confusing Touch          Hex            0%         N/A       83%         3
 Swiftness                Air            0%         N/A       83%         3
 Vampiric Draining        Necr           0%         2d6       83%         3


Dungeon Overview and Level Annotations

Branches:
Dungeon (3/15)

Altars:

Annotations:
D:2 Robin


Innate Abilities, Weirdness & Mutations

You have a beak for a mouth.
You have claws for feet.


Message History

You climb downwards.
The orc shouts! x2
Found a gold wand.
There is a stone staircase leading up here.
There are monsters nearby!
You shoot an arrow. The orc shouts!
The arrow hits the orc but does no damage.
You shoot an arrow. The arrow barely misses the orc.
The arrow hits the orc.
You kill the orc!
You shoot an arrow.
The arrow hits the orc but does no damage.
You shoot an arrow. The arrow barely misses the orc.
The arrow completely misses the orc.
The orc closely misses you.
You shoot an arrow. The arrow barely misses the orc.
The orc hits you with a +0 club. The orc hits you with a +0 club.
The orc misses you.
You climb upwards.
Level annotation: Robin
There is a stone staircase leading down here.
You shoot an arrow. The arrow closely misses the orc.
Robin shouts!
The goblin shouts!
You hear a shout! x3
The orc hits you with a +0 flail! The orc hits you with a +0 club.
Robin throws the goblin at you!
A goblin comes into view. It is wielding a +0 dagger.
You are too injured to fight recklessly!
You are too injured to fight recklessly!
You are too injured to fight recklessly!
The orc closely misses you. x2; The goblin hits you with a +0 club.
* * * LOW HITPOINT WARNING * * *
Robin's horned helmet rattles.
You climb downwards.
There is a stone staircase leading up here.
The orc hits you with a +0 club.
* * * LOW HITPOINT WARNING * * *
The orc barely misses you. The orc attacks as you move away!
The orc misses you. The goblin attacks as you move away!
The goblin barely misses you. The orc attacks as you move away!
The orc hits you with a +0 flail!
You die...

### ..# #.#
#.# ##.##
##
#.o.##...##
#.g@......#
#.o.#######
#.....
#.......
#../..[...
#...###...
##### ##.


You could see 2 orcs and a goblin.

Vanquished Creatures
  2 adders (D:2)
  3 dart slugs
  An orc (D:3)
  5 endoplasms
  2 giant cockroaches
  9 goblins
  4 hobgoblins
  2 jackals (D:1)
  3 kobolds (D:1)
  2 quokkas (D:1)
  A ball python (D:1)
  3 bats
  2 frilled lizards (D:1)
  2 rats
41 creatures vanquished.

Notes
Turn   | Place    | Note
-------+----------+-------------------------------------------
     0 | D:1      | HoaS the Tengu Hunter began the quest for the Orb.
     0 | D:1      | Reached XP level 1. HP: 12/12 MP: 2/2
   145 | D:1      | Reached XP level 2. HP: 17/17 MP: 3/3
   205 | D:1      | Reached skill level 5 in Ranged Weapons
   346 | D:1      | Reached XP level 3. HP: 21/21 MP: 4/4
  1435 | D:2      | Noticed Robin
  1437 | D:2      | Upgraded the game from 0.31-a0-466-g98c9adc2b6 to
                  | 0.31-a0-473-g61b50ae490
  1599 | D:2      | Reached skill level 6 in Ranged Weapons
  1926 | D:2      | Reached XP level 4. HP: 26/26 MP: 5/5
  1968 | D:3      | Slain by an orc

Illustrated notes

Levels and vault maps discovered:
D:1:      dpeg_arrival_water_fire, layout_loops_ring
D:2:      layout_basic, uniq_robin
D:3:      minmay_chambers_of_twos, layout_rooms, serial_curves, eino_curves_02,
          eino_curves_02, eino_curves_01, kennysheep_generic_room_10,
          uniq_terence, uniq_jessica, uniq_crazy_yiuf_cottage

Skill      XL: |  1  2  3 |
---------------+----------+-----
Ranged Weapons | 5 6 |  6.2
Fighting       | |  2.0
Dodging        | |  2.1
Stealth        | |  1.0

Action                     |  1- 3 |  4- 6 || total
---------------------------+-------+-------++-------
  Melee: Unarmed           |     4 |       ||     4
   Fire: Shortbow          |   115 |    10 ||   125
    Use: Scroll            |     5 |     1 ||     6
         Potion            |     1 |       ||     1
 Armour: Leather armour    |    16 |       ||    16
  Dodge: Dodged            |    28 |     7 ||    35

Table legend: (Time is in decaauts)
 A = Elapsed time spent in this place.
 B = Non-inter-level travel time spent in this place.
 C = Inter-level travel time spent in this place.
 D = Time resting spent in this place.
 E = Time spent auto-exploring this place.
 F = Levels seen in this place.
 G = Mean time per level.
                   A        B        C        D        E       F      G
               +--------+--------+--------+--------+--------+-----+--------+
         Total |   1960 |   1900 |     60 |     94 |   1481 |   3 |  653.3 |
       Dungeon |   1960 |   1900 |     60 |     94 |   1481 |   3 |  653.3 |
               +--------+--------+--------+--------+--------+-----+--------+

Top non-repeatable levels by time:
     D:2: 1122 daAuts
     D:1: 828 daAuts
     D:3: 9 daAuts
